 Dungeon Crawl Stone Soup version 0.25-a0-474-ga8a2ee3166 (webtiles) character file.

Game seed: 7678197484638971119, levelgen mode: deterministic

12 kae the Sneak (level 2, -4/15 HPs)
             Began as a Kobold Enchanter on Feb 8, 2020.
             Slain by a hobgoblin (5 damage)
             ... on level 1 of the Dungeon.
             The game lasted 00:00:33 (839 turns).

kae the Sneak (Kobold Enchanter)                     Turns: 839, Time: 00:00:33

Health: -4/15      AC:  2    Str:  5    XL:     2   Next: 45%
Magic:  4/5        EV: 15    Int: 16    God:
Gold:   50         SH:  0    Dex: 15    Spells: 4/5 levels left

rFire    . . .     SeeInvis .   a - +1 dagger
rCold    . . .     Gourm    .   (shield restricted)
rNeg     . . .     Faith    .   b - +0 robe
rPois    .         Spirit   .   (no helmet)
rElec    .         Reflect  .   (no cloak)
rCorr    .         Harm     .   (no gloves)
MR       .....                  (no boots)
Stlth    +++.......             (no amulet)
HPRegen  0.05/turn              (no ring)
MPRegen  0.09/turn              (no ring)

@: no status effects
A: small, carnivore
a: no special abilities


You were on level 1 of the Dungeon.
You were full.

You visited 1 branch of the dungeon, and saw 1 of its levels.

You collected 50 gold pieces.

Inventory:

Hand Weapons
 a - a +1 dagger (weapon)
Armour
 b - a +0 robe (worn)
Scrolls
 c - a scroll of immolation {unknown}
 e - a scroll of remove curse {unknown}
Comestibles
 d - 2 rations


   Skills:
 * Level 2.1 Short Blades
 + Level 2.6 Dodging
 + Level 4.1 Stealth
 + Level 2.4 Spellcasting
 + Level 3.1 Hexes


You had 4 spell levels left.
You knew the following spells:

 Your Spells              Type           Power        Failure   Level  Hunger
a - Corona                Hex            ##.....      5%          1    #......

Your spell library contained the following spells:

 Spells                   Type           Power        Failure   Level  Hunger
 Ensorcelled Hibernation  Hex/Ice        #.....       16%         2    ###....
 Confusing Touch          Hex            ##......     16%         3    ###....
 Tukima's Dance           Hex            ##......     16%         3    ###....
 Dazzling Flash           Conj/Hex       #.....       30%         3    ###....


Dungeon Overview and Level Annotations

Branches:
Dungeon (1/15)

Altars:


Innate Abilities, Weirdness & Mutations

You are small and have problems with some larger weapons.
You are carnivorous and can eat meat at any time.


Message History

You barely miss the hobgoblin.
The hobgoblin is moderately wounded.
The hobgoblin hits you.
* * * LOW HITPOINT WARNING * * *
You hit the hobgoblin but do no damage.
The hobgoblin is moderately wounded.
The hobgoblin hits you.
* * * LOW HITPOINT WARNING * * *
You barely miss the hobgoblin.
The hobgoblin is moderately wounded.
The hobgoblin misses you.
You barely miss the hobgoblin.
The hobgoblin is moderately wounded.
You hit the hobgoblin.
The hobgoblin is severely wounded.
The hobgoblin barely misses you.
You hit the hobgoblin.
The hobgoblin is almost dead.
The hobgoblin hits you.
You die...

#####≈≈≈≈≈≈≈≈≈≈#
....###≈≈≈≈≈≈≈##
................##
#####......... ..# #.#....
#.# #.#........ ###
#.#...$.#.# #..
..#......g# ##.## #.# #@#
#...# #†# #.# #...#
#.#######.#
#...####.........#####
#.)..........##).....#####
#...##.##.##.##..###.....#
).........# ##..###.....#
..........# #..#.......#
........).# #..#.#.....#


You could see a hobgoblin.

Vanquished Creatures
  A leopard gecko (D:1)
  3 bats (D:1)
  2 goblins (D:1)
  2 hobgoblins (D:1)
  2 kobolds (D:1)
  A rat (D:1)
11 creatures vanquished.

Notes
Turn   | Place    | Note
-------+----------+-------------------------------------------
     0 | D:1      | kae the Kobold Enchanter began the quest for the Orb.
     0 | D:1      | Reached XP level 1. HP: 10/10 MP: 3/3
   165 | D:1      | Reached XP level 2. HP: 14/15 MP: 3/5
   839 | D:1      | Slain by a hobgoblin

Levels and vault maps discovered:
D:1:      dpeg_arrival_pond, layout_loops_cross, minmay_tetromino_o2

Skill      XL: |  1  2 |
---------------+-------+-----
Short Blades   | 2 |  2.1
Dodging        | |  2.6
Stealth        | |  4.1
Spellcasting   | |  2.4
Hexes          | |  3.1

Action                   || total
-------------------------++-------
Melee: Dagger            ||    62
 Cast: Corona            ||     8
 Stab: Sleeping          ||     2
  Eat: Chunk             ||     4
Armor: Robe              ||    10
Dodge: Dodged            ||    49

Table legend:
 A = Non-vault XP
 B = Vault XP
 C = Vault XP percentage of total XP
 D = Non-vault monster count
 E = Vault monster count
 F = Vault count percentage of total count
                 A         B        C        D         E       F
            +---------+---------+-------+---------+---------+-------
      Total |      18 |       0 |   0.0 |      11 |       0 |   0.0
            +---------+---------+-------+---------+---------+-------
        D:1 |      18 |       0 |   0.0 |      11 |       0 |   0.0
            +---------+---------+-------+---------+---------+-------
